 Dungeon Crawl Stone Soup version 0.29-a0-1052-g6990b1bffc (webtiles) character file.

Game seed: 14883978655544338271

83 ytrimaz the Insei (level 4, -1/32 HPs)
             Began as a Demonspawn Transmuter on Aug 17, 2022.
             Slain by a goblin
             ... wielding a +0 dagger of electrocution
              (19 damage)
             ... on level 3 of the Dungeon.
             The game lasted 00:02:13 (2439 turns).

ytrimaz the Insei (Demonspawn Transmuter)           Turns: 2439, Time: 00:02:14

Health: -1/32      AC:  2    Str: 10    XL:     4   Next: 22%
Magic:  1/7        EV: 20    Int: 22    God:
Gold:   93         SH:  0    Dex: 19    Spells: 1/7 levels left

rFire   . . .      SeeInvis .     - Unarmed
rCold   . . .      Faith    .   (shield currently unavailable)
rNeg    . . .      Spirit   .   (body armour currently unavailable)
rPois   x          Reflect  .   (helmet currently unavailable)
rElec   .          Harm     .   (cloak currently unavailable)
rCorr   .          Rampage  .   (gloves currently unavailable)
Will    .....                   (boots currently unavailable)
Stlth   ++........              (no amulet)
HPRegen 0.10/turn               c - ring of wizardry
MPRegen 0.10/turn               h - +6 ring of intelligence

@: spider-form (expiring), very slightly contaminated
A: venomous fangs, tiny, (horns 1), (molten scales 1)
a: End Transformation


You were on level 3 of the Dungeon.
You were a venomous arachnid creature.
You visited 1 branch of the dungeon, and saw 3 of its levels.

You collected 93 gold pieces.

Inventory:

Armour
 a - a +0 robe (melded)
Jewellery
 c - a ring of wizardry (left front leg)
 h - a +6 ring of intelligence (right front leg)
Scrolls
 b - a scroll of amnesia
Potions
 d - a potion of heal wounds
 e - a potion of curing {unknown}
 f - a potion of flight {unknown}
 g - a potion of brilliance {unknown}


   Skills:
 + Level 1.4 Fighting
 + Level 2.6 Dodging
 + Level 4.0 Unarmed Combat
 - Level 2.0 Spellcasting
 - Level 1.7 Transmutations


You had one spell level left.
You knew the following spells:

 Your Spells              Type           Power      Damage    Failure   Level
a - Beastly Appendage     Tmut           18%        N/A       8%          1
b - Wereblood             Tmut           9%         N/A       10%         2
c - Spider Form           Tmut/Pois      6%         N/A       22%         3

Your spell library contained the following spells:

 Spells                   Type           Power      Damage    Failure   Level
 Ice Form                 Ice/Tmut       6%         N/A       52%         4


Dungeon Overview and Level Annotations

Branches:
Dungeon (3/15)

Altars:
Nemelex Xobeh

Shops:
D:1 =


Innate Abilities, Weirdness & Mutations

You are a venomous arachnid creature.
You have poisonous fangs.
You are tiny and dextrous.
Your spellcasting is less reliable in this form.
Your armour is entirely melded.
You are incapable of wielding weapons or throwing items.
((You have a pair of small horns on your head.))
((You are partially covered in molten scales. (AC +2)))


Message History

You are very lightly contaminated with residual magic.
Nothing appears to happen.
The orc hits you but does no damage.
You barely miss the orc. Your kick misses the orc.
The orc is heavily wounded.
The orc completely misses you.
A goblin comes into view.
It is wielding a +0 dagger of electrocution.
The goblin hits you but does no damage.
Unknown command.
Casting: Spider Form (quite dangerous; 12% risk of failure)
Confirm with . or Enter, or press ? or * to list all spells.
The spell is quite dangerous to miscast (12% risk of failure)!
Continue anyway?
Your talons disappear.
You turn into a venomous arachnid creature.
Your +0 robe melds into your body.
Your transformation is almost over.
The orc misses you. The orc barely misses you.
The goblin completely misses you.
Unknown command.
You hit the orc.
You kill the orc!
You hit the orc but do no damage. The goblin closely misses you.
The orc misses you.
You hit the orc but do no damage.
The orc is poisoned.
The goblin completely misses you. The orc barely misses you.
Unknown command.
You barely miss the orc.
The orc is heavily wounded.
The goblin closely misses you. The orc closely misses you.
You bite the orc!
You kill the orc!
The goblin hits you with a +0 dagger.
The goblin hits you with a +0 dagger of electrocution.
Unknown command.
You hit the goblin.
The goblin is poisoned.
The goblin is severely wounded.
You kill the goblin!
The goblin hits you with a +0 dagger of electrocution.
You are electrocuted!!
Ouch! That really hurt!
You die...

..........>.......
#######.#####.#.#
#..)......#
######.####...
#.............
#.##...####.#.
#...######.#
...#..........#
.)?....)s######
........)g...#
.........#...#
.......##....#
......#. ....#
....## ..#.# ...#
..#.# ## ... #


You could see a goblin.

Vanquished Creatures
  2 adders (D:2)
  A dart slug (D:2)
  3 orcs (D:3)
  7 bats
  3 endoplasms
  3 giant cockroaches
  9 goblins
  4 hobgoblins
  6 jackals (D:1)
  A quokka (D:2)
  6 ball pythons
  2 frilled lizards (D:1)
  6 kobolds
  4 rats
57 creatures vanquished.

Notes
Turn   | Place    | Note
-------+----------+-------------------------------------------
     0 | D:1      | ytrimaz the Demonspawn Transmuter began the quest for the
                  | Orb.
     0 | D:1      | Reached XP level 1. HP: 15/15 MP: 3/3
    65 | D:1      | Found Dusocw's Jewellery Boutique.
   371 | D:1      | Reached skill level 3 in Unarmed Combat
   371 | D:1      | Gained mutation: You are partially covered in molten
                  | scales. (AC +2) [demonic ancestry]
   371 | D:1      | Reached XP level 2. HP: 3/21 MP: 3/5
  1409 | D:2      | Mutation became permanent: You have a pair of small horns
                  | on your head. [demonic ancestry]
  1409 | D:2      | Gained mutation: You have a pair of horns on your head.
                  | [demonic ancestry]
  1409 | D:2      | Reached XP level 3. HP: 24/26 MP: 4/6
  1776 | D:2      | Learned a level 2 spell: Wereblood
  1787 | D:2      | Learned a level 3 spell: Spider Form
  1909 | D:2      | Found a sparkling altar of Nemelex Xobeh.
  1930 | D:2      | Reached XP level 4. HP: 24/32 MP: 5/7
  2406 | D:3      | Reached skill level 4 in Unarmed Combat
  2439 | D:3      | Slain by a goblin

Illustrated notes

Levels and vault maps discovered:
D:1:      roderic_dead_forest, layout_basic, serial_shops,
          nicolae_shop_behind_doors
D:2:      cheibrodos_helix_gallery, layout_basic, basic_altar
D:3:      minmay_spotlight, layout_basic, biasface_ghost_orc_armoury,
          hellmonk_ecumenical_altar_defaced_shrine,
          minmay_misc_feat_secret_circle, st_stairs_12

Skill      XL: |  1  2  3  4 |
---------------+-------------+-----
Dodging        | 2 |  2.6
Unarmed Combat | 3 4 |  4.0
Fighting       | |  1.4
Spellcasting   | |  2.0
Transmutations | |  1.7

Action                   |  1- 3 |  4- 6 || total
-------------------------+-------+-------++-------
Melee: Unarmed           |    98 |    19 ||   117
       Kick              |    19 |     4 ||    23
       Punch             |     2 |       ||     2
       Headbutt          |     9 |     3 ||    12
 Cast: Beastly Appendage |    28 |     5 ||    33
       Spider Form       |       |     2 ||     2
  Use: Scroll            |     4 |     2 ||     6
       Potion            |     1 |       ||     1
 Stab: Sleeping          |     1 |       ||     1
Armor: Robe              |    21 |     5 ||    26
       Skin              |     5 |     1 ||     6
Dodge: Dodged            |    75 |    22 ||    97

Table legend: (Time is in decaauts)
 A = Elapsed time spent in this place.
 B = Non-inter-level travel time spent in this place.
 C = Inter-level travel time spent in this place.
 D = Time resting spent in this place.
 E = Time spent auto-exploring this place.
 F = Levels seen in this place.
 G = Mean time per level.
                   A        B        C        D        E       F      G
               +--------+--------+--------+--------+--------+-----+--------+
         Total |   2430 |   2418 |     12 |     33 |   2009 |   3 |  810.0 |
       Dungeon |   2430 |   2418 |     12 |     33 |   2009 |   3 |  810.0 |
               +--------+--------+--------+--------+--------+-----+--------+

Top non-repeatable levels by time:
     D:1: 1362 daAuts
     D:2: 974 daAuts
     D:3: 93 daAuts
